 Dungeon Crawl Stone Soup version 0.20.1-1-g8b1a95d (webtiles) character file.

8342 lydgate the Basher (level 11, -6/67 HPs)
             Began as a Gargoyle Fighter on Dec 13, 2017.
             Was an Elder of Okawaru.
             Killed by divine providence
             ... invoked by an orc priest
              (10 damage)
             ... on level 2 of the Orcish Mines on Jan 16, 2018.
             The game lasted 01:54:35 (13353 turns).

lydgate the Basher (Gargoyle Fighter)              Turns: 13353, Time: 01:54:36

Health: -6/67      AC: 19    Str: 19    XL:     11   Next: 29%
Magic:  0/11       EV: 10    Int: 10    God:    Okawaru [****..]
Gold:   304        SH: 11    Dex: 12    Spells: 10/10 levels left

rFire    + . .     SeeInvis +   e - +0 mace
rCold    . . .     Gourm    .   B - +0 shield
rNeg     + + .     Faith    .   J - +0 scale mail {MR+}
rPois    ∞         Spirit   +   (helmet restricted)
rElec    +         Reflect  .   p - +0 cloak
rCorr    .         Harm     .   (no gloves)
MR       +....                  D - +2 pair of boots
Stlth    ..........             l - amulet of guardian spirit
Regen    0.3/turn               h - ring of positive energy
MPRegen  0.2/turn               m - ring of protection from fire

@: no status effects
A: horns 1, icy blue scales 1, see invisible, deformed body, negative energy
resistance 1, electricity resistance, unbreathing, petrification resistance, rot
immunity, AC +7
a: Heroism, Renounce Religion


You were on level 2 of the Orcish Mines.
You worshipped Okawaru.
Okawaru was greatly pleased with you.
You were not hungry.

You visited 3 branches of the dungeon, and saw 13 of its levels.
You also visited: Sewer.

You collected 460 gold pieces.
You spent 156 gold pieces at shops.

Inventory:

Hand Weapons
 a - a +0 hunting sling
 b - a +1 whip of venom
 e - a +0 mace (weapon)
 I - a +0 dire flail
Missiles
 q - 111 sling bullets
 w - 11 tomahawks (quivered)
 C - a throwing net
Armour
 p - a +0 cloak (worn)
 B - a +0 shield (worn)
 D - a +2 pair of boots (worn)
 J - a +0 scale mail of magic resistance (worn)
Jewellery
 h - a ring of positive energy (left hand)
 l - an amulet of guardian spirit (around neck)
 m - a ring of protection from fire (right hand)
 v - an uncursed ring of flight
 A - an uncursed ring of protection from magic
Wands
 c - a wand of flame (33/48)
 d - a wand of scattershot (5/9)
 N - a wand of flame (24/48)
Scrolls
 k - 2 scrolls of teleportation
 u - a scroll of recharging
 E - 2 scrolls of amnesia
 G - 4 scrolls of remove curse
 M - 4 scrolls of immolation
Potions
 o - a potion of ambrosia
 s - 4 potions of curing
 t - 2 potions of brilliance
 F - 2 potions of flight
 H - a potion of magic
 K - a potion of agility {unknown}
Comestibles
 f - 9 bread rations
 i - 7 meat rations
 j - a royal jelly


   Skills:
 + Level 7.3 Fighting
 + Level 9.6 Maces & Flails
 + Level 2.0(4.1) Slings
 + Level 5.6(5.8) Throwing
 + Level 7.7 Armour
 + Level 4.0 Dodging
 + Level 1.3 Stealth
 + Level 9.2 Shields
 + Level 0.2 Invocations


You had 10 spell levels left.
You didn't know any spells.

Dungeon Overview and Level Annotations

Branches:
Dungeon (10/15)            Temple (1/1) D:6             Orc (2/2) D:10
   Lair: D:8-11         Elf: Orc:2

Altars:
Ashenzari
Cheibriados
Dithmenos
Elyvilon
Fedhas
Gozag
Hepliaklqana
Kikubaaqudgha
Makhleb
Nemelex Xobeh
Okawaru
Qazlal
Ru
Sif Muna
Trog
Uskayaw
Vehumet
Xom
Yredelemnul
Zin
The Shining One

Shops:
D:4 !   D:6 =   D:7 *

Annotations:
D:8 !Gargoyle


Innate Abilities, Weirdness & Mutations

You are resistant to torment.
Your stone body is resilient. (AC +7)
You are immune to poison.
You resist negative energy. (rN+)
You are resistant to electric shocks. (rElec)
You can survive without breathing.
You are immune to petrification.
You are immune to rotting.
You have a pair of small horns on your head.
You are partially covered in icy blue scales. (AC +2)
You have supernaturally acute eyesight. (SInv)
Armour fits poorly on your strangely shaped body.


Message History

Evoke which item? (* to show all) (? for menu, Esc to quit)
Aiming: Throw Flame
Press: ? - help, Shift-Dir - straight line, f/p - orc warrior
Aim: an orc warrior, wielding a flail and wearing a chain mail (severely wounded, fleeing)
The puff of flame hits the orc warrior.
The orc warrior appears unharmed.
The orc warrior is severely wounded.
The orc priest shouts!
This wand has 33 charges left.
The orc priest calls down the wrath of Beogh upon you.
Beogh smites you!
* * * LOW HITPOINT WARNING * * *
Found 15 gold pieces.
Found 24 gold pieces.
The orc priest calls down the wrath of Beogh upon you.
You easily resist.
An orc comes into view. It is wielding a vampiric dagger.
The orc shouts!
The orc priest calls down the wrath of Beogh upon you.
Beogh smites you!
You die...

..## ##....#. ....#
#........## ..
.....##....o.h..## ...
..........o .....##...
..........###o........
#.......... $...(.....
#...$.$..####.........
<......@..##o.........
....##.....#..<.((..(.
. ##.....o....#....
#........### .
##......## #......#
##.#...# #######


You could see an orc priest and 2 orcs.

Vanquished Creatures
  2 two-headed ogres (D:9)
  A skeletal warrior (D:9)
  Maurice (D:9)
  A gargoyle (D:8)
  A troll (D:9)
  6 yaks (D:7)
  A hungry ghost (D:7)
  Grum (D:8)
  2 water moccasins
  4 sky beasts
  3 phantoms
  2 necrophages
  4 ice beasts
  4 wolves (D:8)
  6 ogres
  3 centaurs
  2 bullfrogs
  2 scorpions
  7 killer bees
  A howler monkey (D:5)
  2 crimson imps
  4 hounds
  An iron imp (D:7)
  2 jellies
  7 orc priests
  A gnoll shaman (D:8)
  7 worker ants
  5 iguanas
  5 orc wizards
  2 hound skeletons (D:4)
  A howler monkey skeleton (D:7)
  Robin (D:2)
  15 gnolls
  15 adders
  2 river rats (Sewer)
  3 shadow imps
  4 oozes
  2 adder zombies
  4 adder skeletons
  3 worms
  A dart slug (D:1)
  3 leopard geckos
  41 orcs
  4 ball pythons
  10 bats
  4 giant cockroaches
  11 hobgoblins
  2 jackals (D:4)
  7 kobolds
  6 quokkas
  9 frilled lizards
  19 goblins
  A leopard gecko zombie (D:7)
  12 rats
270 creatures vanquished.

Vanquished Creatures (others)
  A fungus (D:10)
1 creature vanquished.

Grand Total: 271 creatures vanquished

Notes
Turn   | Place    | Note
-------+----------+-------------------------------------------
     0 | D:1      | lydgate the Gargoyle Fighter began the quest for the Orb.
     0 | D:1      | Reached XP level 1. HP: 14/14 MP: 1/1
   326 | D:1      | Reached XP level 2. HP: 19/19 MP: 2/2
  1023 | D:2      | Reached XP level 3. HP: 14/24 MP: 3/3
  1474 | D:2      | Reached XP level 4. HP: 22/29 MP: 4/4
  1495 | D:2      | Found a stormy altar of Qazlal.
  1717 | D:2      | Reached skill level 1 in Slings
  1724 | D:2      | Reached XP level 5. HP: 7/33 MP: 5/5
  1730 | D:2      | Gained mutation: You have a pair of small horns on your head. [potion of mutation]
  1730 | D:2      | Gained mutation: You are partially covered in icy blue scales. (AC +2) [potion of mutation]
  1730 | D:2      | Gained mutation: Armour fits poorly on your strangely shaped body. [potion of mutation]
  1730 | D:2      | Gained mutation: You have supernaturally acute eyesight. (SInv) [potion of mutation]
  2067 | D:2      | Noticed Robin
  2214 | D:2      | Killed Robin
  3114 | D:3      | Found a glowing drain.
  3157 | D:3      | Reached XP level 6. HP: 30/38 MP: 6/6
  3204 | Sewer    | Entered a sewer
  3808 | D:3      | Noticed a necrophage
  3860 | D:2      | test
  4105 | D:3      | Reached skill level 1 in Dodging
  4265 | D:4      | Found Faoqok's Distillery.
  4383 | D:4      | Reached skill level 1 in Throwing
  4481 | D:4      | Reached XP level 7. HP: 39/44 MP: 7/7
  4516 | D:4      | Reached skill level 5 in Shields
  5177 | D:5      | Entered Level 5 of the Dungeon
  5635 | D:5      | Reached XP level 8. HP: 36/48 MP: 8/8
  5648 | D:5      | Reached skill level 5 in Maces & Flails
  5874 | D:5      | Found a hazy altar of Hepliaklqana.
  5925 | D:5      | Reached skill level 1 in Stealth
  6278 | D:6      | Got a tattered robe
  6289 | D:6      | Identified the +0 robe of Pisoj {rC+} (You found it on level 6 of the Dungeon)
  6582 | D:6      | Reached skill level 5 in Armour
  6651 | D:6      | Found Nooffad's Jewellery Shoppe.
  6697 | D:6      | amulet
  6998 | D:6      | Found a staircase to the Ecumenical Temple.
  7061 | Temple   | Entered the Ecumenical Temple
  7300 | Temple   | Became a worshipper of Warmaster Okawaru
  7478 | D:6      | Found a basalt altar of Yredelemnul.
  7945 | D:7      | Reached XP level 9. HP: 53/53 MP: 9/9
  8090 | D:7      | Found Benlash's Assorted Antiques.
  8115 | D:7      | Bought a jade ring for 130 gold pieces
  8223 | D:7      | Reached skill level 5 in Fighting
  8314 | D:7      | Found a shimmering altar of Xom.
  8318 | D:7      | Found a bloodstained altar of Trog.
  8319 | D:7      | Found a shattered altar of Ashenzari.
  8394 | D:7      | Reached * piety under Okawaru
  8415 | D:7      | Found a shadowy altar of Dithmenos.
  8615 | D:7      | Found a snail-covered altar of Cheibriados.
  8706 | D:7      | Reached ** piety under Okawaru
  8728 | D:7      | Reached XP level 10. HP: 29/60 MP: 7/10
  8734 | D:7      | Found a hide-covered altar of Uskayaw.
  8757 | D:7      | Found a sparkling altar of Nemelex Xobeh.
  9206 | D:8      | Noticed Grum
  9252 | D:8      | Killed Grum
  9325 | D:8      | Reached *** piety under Okawaru
  9372 | D:8      | Noticed a gargoyle
  9421 | D:8      | Gargoyle
  9427 | D:10     | Entered Level 10 of the Dungeon
  9656 | D:9      | Noticed a two-headed ogre
  9684 | D:9      | Killed a two-headed ogre
  9684 | D:9      | Reached **** piety under Okawaru
  9684 | D:9      | Received a gift from Okawaru
  9684 | D:9      | Reached skill level 5 in Throwing
 10039 | D:9      | Noticed Maurice
 10056 | D:9      | Killed Maurice
 10114 | D:9      | Noticed a four-headed hydra
 10640 | D:8      | gargoyle
 10799 | D:7      | Bought a scroll labeled IFUEF FOIFRU for 26 gold pieces
 11034 | D:9      | Reached XP level 11. HP: 67/67 MP: 11/11
 11045 | D:9      | Noticed a two-headed ogre
 11056 | D:9      | Killed a two-headed ogre
 11296 | D:10     | Found a staircase to the Orcish Mines.
 11296 | D:10     | Noticed a skeletal warrior
 11298 | D:10     | Noticed a skeletal warrior
 11368 | D:9      | Killed a skeletal warrior
 11368 | D:9      | Received a gift from Okawaru
 11689 | D:10     | Noticed a skeletal warrior
 11715 | D:9      | HP: 2/67 [skeletal warrior/war axe (10)]
 13157 | D:9      | Noticed a two-headed ogre
 13325 | Orc:1    | Entered Level 1 of the Orcish Mines
 13326 | Orc:1    | Found an iron altar of Okawaru.
 13329 | Orc:1    | Noticed an orc sorcerer
 13330 | Orc:1    | Noticed a stone giant
 13338 | Orc:2    | Entered Level 2 of the Orcish Mines
 13347 | Orc:2    | HP: 3/67 [orc priest/divine providence (9)]
 13353 | Orc:2    | Killed from afar by an orc priest

Skill      XL: |  1  2  3  4  5  6  7  8  9 10 11 |
---------------+----------------------------------+-----
Maces & Flails | 3 4 6 8 9 |  9.6
Slings         | 1 2 |  2.0
Fighting       | 4 5 7 |  7.3
Shields        | 4 5 6 7 8 9 |  9.2
Dodging        | 1 2 3 4 |  4.0
Throwing       | 1 3 4 5 |  5.6
Armour         | 4 5 6 7 |  7.7
Stealth        | 1 |  1.3
Invocations    | |  0.2

Action                   |  1- 3 |  4- 6 |  7- 9 | 10-12 || total
-------------------------+-------+-------+-------+-------++-------
Melee: Flail             |   130 |    39 |       |    71 ||   240
       Whip              |       |   150 |   393 |   362 ||   905
       Headbutt          |       |    18 |    79 |    84 ||   181
       Mace              |       |       |       |    29 ||    29
       Dire flail        |       |       |       |     5 ||     5
 Fire: Hunting sling     |       |   124 |     1 |       ||   125
Throw: Stone             |    35 |       |       |       ||    35
       Tomahawk          |       |    32 |    59 |    20 ||   111
       Javelin           |       |       |       |    14 ||    14
Invok: Heroism           |       |       |       |     1 ||     1
Evoke: Wand              |       |       |       |     2 ||     2
  Use: Scroll            |     3 |     3 |     5 |    11 ||    22
       Potion            |       |     6 |     4 |     9 ||    19
 Stab: Distracted        |       |       |     1 |       ||     1
  Eat: Chunk             |     2 |     5 |    13 |     6 ||    26
       Meat ration       |       |     1 |       |       ||     1
       Fruit             |       |       |     3 |       ||     3
       Royal jelly       |       |       |     1 |     5 ||     6
Armor: Scale mail        |    78 |   129 |    82 |   124 ||   413
       Skin              |       |     1 |       |    10 ||    11
       Chain mail        |       |       |    41 |       ||    41
Dodge: Dodged            |    36 |    91 |    78 |   113 ||   318
Block: Shield            |    90 |   158 |   136 |   193 ||   577
